 Dungeon Crawl Stone Soup version 0.15.0-12-gccce430 (webtiles) character file.

105 Kejsarherre the Cudgeler (level 4, -2/49 HPs)
             Began as an Ogre Hunter on Sept 2, 2014.
             Slain by Kejsarherre's ghost (10 damage)
             ... on Level 3 of the Dungeon.
             The game lasted 00:03:48 (1658 turns).

Kejsarherre the Cudgeler (Ogre Hunter)              Turns: 1658, Time: 00:03:48

HP  -2/49        AC  4     Str 18      XL: 4   Next: 81%
MP   4/4         EV 10     Int 10      God:
Gold 68          SH  0     Dex 10      Spells:  0 memorised,  3 levels left

rFire  . . .     SeeInvis .     b - +0 flail
rCold  . . .     Clarity  .     d - +0 animal skin
rNeg   . . .     rCorr    .     (shield restricted)
rPois  .         rRot     .     (helmet restricted)
rElec  .         Spirit   .     g - +0 cloak
SustAb .         Warding  .     (gloves unavailable)
rMut   .         Stasis   .     (boots unavailable)
Gourm  .                        (no amulet)
MR     .....                    (no ring)
                                n - ring of invisibility

@: not resistant to hostile enchantments, very unstealthy
A: unfitting armour, tough skin 1
a: Evoke Invisibility


You were on level 3 of the Dungeon.
You were hungry.

You visited 1 branch of the dungeon, and saw 3 of its levels.

You collected 68 gold pieces.

Inventory:

Hand weapons
 b - a +0 flail (weapon)
Missiles
 c - 2 throwing nets (quivered)
Armour
 d - a +0 animal skin (worn)
 g - a +0 cloak (worn)
Comestibles
 f - a meat ration
 h - 2 beef jerkies
 k - a slice of pizza
Scrolls
 e - a scroll of random uselessness {unknown}
 j - 2 scrolls of blinking {unknown}
 m - a scroll of immolation {unknown}
 o - a scroll of recharging {unknown}
 p - 3 scrolls of identify {unknown}
 q - a scroll of remove curse {unknown}
Jewellery
 n - a ring of invisibility (left hand)
Potions
 i - 3 potions of heal wounds {unknown}
 l - a potion of degeneration {unknown}


   Skills:
 + Level 4.3 Fighting
 * Level 4.7 Maces & Flails
 - Level 4.3 Throwing
 - Level 1.7 Dodging
 - Level 0.7 Stealth


You had 3 spell levels left.
You didn't know any spells.

Dungeon Overview and Level Annotations

Branches:
Dungeon (3/15)

Altars:
Fedhas

Annotations:
D:3 Kejsarherre's ghost, average OgHu


Innate Abilities, Weirdness & Mutations

You are too large for most types of armour.
You have tough skin (AC +1).


Message History

Kejsarherre's ghost is severely damaged.
Kejsarherre's ghost screams, "Do you think the gods will protect you?"
Kejsarherre's ghost completely misses you.
You hit Kejsarherre's ghost.
Kejsarherre's ghost is severely damaged.
Kejsarherre's ghost hits you but does no damage.
You sock Kejsarherre's ghost!
Kejsarherre's ghost is almost destroyed.
Kejsarherre's ghost whispers, "They're coming for you..."
Kejsarherre's ghost hits you!
You closely miss Kejsarherre's ghost.
Kejsarherre's ghost is almost destroyed.
Kejsarherre's ghost hits you!
* * * LOW HITPOINT WARNING * * *
You are too injured to fight recklessly!
You are too injured to fight recklessly!
You barely miss Kejsarherre's ghost.
Kejsarherre's ghost is almost destroyed.
Kejsarherre's ghost closely misses you. Kejsarherre's ghost hits you!
You die...

##### ###...# ########
####.....######........
.........#.............#
.........#.............#
.........#.............#
................(........
..>.....(..?...W@........
##.......#.#.#.....?.....
##.......#.#.##.........
##......W#.#.##.........
.........#.#.#..........
....(......#.#...######
...........#.#....
###.##..)..#.#..... # #.
#.......#.....


You could see Kejsarherre's ghost.

Vanquished Creatures
  Ijyb (D:3)
  4 gnolls
  2 worms
  A giant gecko (D:1)
  An ooze (D:2)
  4 hobgoblins
  A ball python (D:1)
  6 bats
  5 giant cockroaches
  4 giant newts (D:1)
  8 goblins
  3 kobolds (D:1)
  5 rats
45 creatures vanquished.

Notes
Turn   | Place    | Note
--------------------------------------------------------------
     0 | D:1      | Kejsarherre, the Ogre Hunter, began the quest for the Orb.
     0 | D:1      | Reached XP level 1. HP: 22/22 MP: 1/1
   147 | D:1      | Reached XP level 2. HP: 29/29 MP: 2/2
   153 | D:1      | You fall through a shaft!
   280 | D:3      | Noticed Kejsarherre's ghost (average OgHu)
   353 | D:2      | Found a blossoming altar of Fedhas.
   639 | D:1      | Reached XP level 3. HP: 32/37 MP: 3/3
  1355 | D:3      | Reached XP level 4. HP: 34/48 MP: 4/4
  1547 | D:3      | Noticed Ijyb
  1568 | D:3      | Killed Ijyb
  1658 | D:3      | Slain by Kejsarherre's ghost

Action                   |  1- 3 |  4- 6 || total
-------------------------+-------+-------++-------
Melee: Club              |   113 |     6 ||   119
       Flail             |       |    42 ||    42
Throw: Large rock        |     8 |     7 ||    15
  Eat: Chunk             |     2 |       ||     2
